 Dungeon Crawl Stone Soup version 0.18-a0-943-g2c08dd4 (webtiles) character file.

27 Duffy the Magician (level 2, -2/17 HPs)
             Began as a High Elf Fire Elementalist on Dec 29, 2015.
             Killed by divine providence
             ... invoked by an orc priest
              (13 damage)
             ... on level 3 of the Dungeon.
             The game lasted 00:01:05 (944 turns).

Duffy the Magician (High Elf Fire Elementalist)      Turns: 944, Time: 00:01:06

Health: -2/17      AC:  5    Str:  7    XL:     2   Next: 93%
Magic:  7/7        EV:  7    Int: 18    God:
Gold:   0          SH:  0    Dex: 15    Spells: 1 memorised, 6 levels left

rFire  . . .     SeeInvis .     j - +0 whip (venom)
rCold  . . .     Gourm    .     a - +0 robe
rNeg   . . .     Faith    .     (no shield)
rPois  .         Spirit   .     (no helmet)
rElec  .         Dismiss  .     l - +2 cloak
rCorr  .         Reflect  .     (no gloves)
SustAt .         Harm     .     (no boots)
MR     .....                    (no amulet)
Stlth  ++........               (no ring)
                                (no ring)

@: not resistant to hostile enchantments, unstealthy
A: no striking features
a: no special abilities


You were on level 3 of the Dungeon.
You were not hungry.

You visited 1 branch of the dungeon, and saw 3 of its levels.


   Skills:
 - Level 2.1 Dodging
 - Level 2.1 Stealth
 + Level 3.2 Spellcasting
 + Level 2.4 Conjurations
 - Level 3.0 Fire Magic


You had 6 spell levels left.
You knew the following spells:

 Your Spells              Type           Power        Failure   Level  Hunger
a - Flame Tongue          Conj/Fire      ##...        6%          1    None

Inventory:

Hand Weapons
 j - a +0 whip of venom (weapon)
Missiles
 g - 10 arrows
 h - 16 poisoned needles
Armour
 a - a +0 robe (worn)
 l - a +2 cloak (worn)
Scrolls
 d - 2 scrolls of teleportation {unknown}
 e - a scroll of identify {unknown}
 k - a scroll of immolation {unknown}
 m - a scroll of fear {unknown}
Books
 b - a book of Flames
Comestibles
 c - a bread ration
 f - 4 fruits
 i - a meat ration

Dungeon Overview and Level Annotations

Branches:
Dungeon (3/15)

Altars:


Message History

A quokka comes into view.
A giant gecko comes into view.
The quokka bites you but does no damage.
You hit the quokka.
The quokka is poisoned.
The quokka is severely wounded.
You kill the quokka!
You closely miss the giant gecko. The giant gecko misses you.
The giant gecko bites you.
You completely miss the giant gecko. The giant gecko closely misses you.
You miss the giant gecko. The giant gecko closely misses you.
You hit the giant gecko.
You kill the giant gecko!
No target in view!
No target in view!
HP restored.
m - a scroll labeled KAHAD SYEPIL
(D) Dungeon
Where to? (* - list waypoints, Enter - D:2 @ (x,y), ? - help)
You open the door.
There is an open door here.
There is an open door here.
There is a stone staircase leading down here.
You climb downwards.
A quokka, a worm, an ooze, a goblin and 3 orcs come into view.
The ooze quivers.
The orc shouts!
The goblin shouts!
The orc shouts!
The orc hits you with a flail.
The orc priest shouts!
Found five items.
Found a stone staircase leading down.
A rat comes into view.
There is a stone staircase leading up, spattered with blood here.
The orc priest invokes the aid of Beogh against you.
Something smites you!
Ouch! That really hurt!
You die...

#.^.....#
#.......#
#..r..w.#
#go....#
#......#
.J....###
##.####.o......
......$@o(.....
..>?.##........
..r #........ .
#........
#........
#....%...
#........
.........


You could see a worm, an orc priest, an ooze, 2 orcs, a quokka, a goblin and a
rat.

Action                   || total
-------------------------++-------
Melee: Unarmed           ||     2
       Whip              ||    19
 Cast: Flame Tongue      ||    27
 Stab: Sleeping          ||     1

Notes
Turn   | Place    | Note
--------------------------------------------------------------
     0 | D:1      | Duffy the High Elf Fire Elementalist began the quest for the Orb.
     0 | D:1      | Reached XP level 1. HP: 11/11 MP: 4/4
   428 | D:2      | Reached XP level 2. HP: 17/17 MP: 4/6
   430 | D:2      | Reached skill level 2 in Conjurations
   487 | D:2      | Reached skill level 3 in Spellcasting
   944 | D:3      | Killed from afar by an orc priest

Vault maps used:
D:1:      nagdon_arrival_double_spiral, minmay_misc_feat_more_columns,
          hangedman_decor_growths, minmay_misc_feat_roman
D:2:      kennysheep_generic_room_13
D:3:      lemuel_upstairs_altar, grunt_ashenzari_visionary

Vanquished Creatures
  An ooze
  A giant gecko
  An orc
  2 giant cockroaches
  2 goblins
  3 hobgoblins
  3 kobolds
  3 bats
  2 giant newts
  A quokka
  A rat
  7 toadstools
27 creatures vanquished.
